 Dungeon Crawl Stone Soup version 0.20-a0-1065-g8446734 (webtiles) character file.

176 FrancescoMac the Skirmisher (level 5, 0/42 HPs)
             Began as a Demonspawn Abyssal Knight on Apr 28, 2017.
             Was a Believer of Lugonu.
             Slain by a worker ant (5 damage)
             ... on level 4 of the Dungeon.
             The game lasted 00:09:36 (3127 turns).

FrancescoMac the Skirmisher (DsAK)                  Turns: 3127, Time: 00:09:37

Health: 0/42       AC:  4    Str: 12    XL:     5   Next: 30%
Magic:  7/7        EV: 12    Int: 14    God:    Lugonu [**....]
Gold:   105        SH:  0    Dex: 13    Spells: 4/4 levels left

rFire    . . .     SeeInvis .   a - +1 falchion
rCold    . . .     Gourm    .   (no shield)
rNeg     . . .     Faith    .   b - +1 leather armour
rPois    .         Spirit   .   (no helmet)
rElec    .         Reflect  .   (no cloak)
rCorr    .         Harm     .   (no gloves)
MR       .....                  (no boots)
Stlth    +.........             (no amulet)
Regen    0.2/turn               (no ring)
MPRegen  0.1/turn               (no ring)

@: lethally poisoned (0 -> -10)
A: hooves 1, demonic guardian 1, powered by death 1
a: Depart the Abyss, Bend Space, Renounce Religion


You were on level 4 of the Dungeon.
You worshipped Lugonu.
Lugonu was pleased with you.
You were not hungry.

You visited 1 branch of the dungeon, and saw 4 of its levels.
You visited the Abyss 1 time.

You collected 105 gold pieces.

Inventory:

Hand Weapons
 a - a +1 falchion (weapon)
Armour
 b - a +1 leather armour (worn)
Jewellery
 g - an uncursed amulet of rage {unknown}
Scrolls
 f - 2 scrolls of enchant armour
 h - a scroll of teleportation {unknown}
 i - a scroll of immolation {unknown}
 j - a scroll of magic mapping {unknown}
 k - a scroll of fog {unknown}
Potions
 e - a potion of heal wounds {unknown}
Comestibles
 c - a bread ration
 d - 2 fruits


   Skills:
 + Level 3.8 Fighting
 + Level 2.7 Long Blades
 * Level 2.8 Armour
 * Level 2.1 Dodging
 + Level 3.6 Invocations


You had 4 spell levels left.
You didn't know any spells.

Dungeon Overview and Level Annotations

Branches:
Dungeon (4/15)
 Temple: D:4-7

Altars:


Innate Abilities, Weirdness & Mutations

You have large cloven feet.
A weak demonic guardian rushes to your aid.
You regenerate a little health from kills.


Message History

You hit the worker ant but do no damage.
Your kick misses the worker ant.
The worker ant is severely wounded.
You closely miss the worker ant. Your kick misses the worker ant.
The worker ant is severely wounded.
You feel sick. The worker ant misses you.
You closely miss the worker ant.
The worker ant is severely wounded.
You feel sick. The worker ant closely misses you. The worker ant bites you.
* * * LOW HITPOINT WARNING * * *
You hit the worker ant but do no damage.
The worker ant is severely wounded.
* * * LOW HITPOINT WARNING * * *
You feel sick. The worker ant bites you.
* * * LOW HITPOINT WARNING * * *
You barely miss the worker ant.
The worker ant is severely wounded.
* * * LOW HITPOINT WARNING * * *
You feel sick. The worker ant bites you.
You die...

##. #####.. .. .####..
....... .. .. ..).
.....#. ####.####.# #..
....... .......... #..
[...>$. #.......# #..
....... #.......# ##..
......[###.......# #..#
...?..a@##.......####...
......#....#...........#
...$. ###..#.........#.#
.... #..........(...#
... #...............##
.. ##..............# .
#.............##
#....#........#
............##.#


You could see a worker ant.

Vanquished Creatures
  2 centaur skeletons (D:4)
  Terence (D:2)
  5 adders
  A dart slug (D:1)
  A leopard gecko (D:2)
  An orc (D:2)
  5 bats
  5 giant cockroaches
  6 hobgoblins
  7 jackals
  A quokka (D:2)
  A ball python (D:2)
  6 frilled lizards
  3 goblins
  2 kobolds (D:2)
  5 rats
52 creatures vanquished.

Vanquished Creatures (collateral kills)
  A worker ant (D:4)
1 creature vanquished.

Grand Total: 53 creatures vanquished

Notes
Turn   | Place    | Note
-------+----------+-------------------------------------------
     0 | Abyss:1  | FrancescoMac the Demonspawn Abyssal Knight began the quest for the Orb.
     0 | Abyss:1  | Reached XP level 1. HP: 18/18 MP: 2/2
   118 | Abyss:1  | Noticed a spatial vortex
   121 | Abyss:1  | Noticed a spatial maelstrom
   122 | D:1      | Escaped the Abyss
   136 | D:1      | Reached skill level 1 in Dodging
   249 | D:1      | Gained mutation: A weak demonic guardian rushes to your aid. [demonic ancestry]
   249 | D:1      | Reached XP level 2. HP: 24/24 MP: 3/3
   741 | D:1      | Reached * piety under Lugonu
   861 | D:2      | Gained mutation: You have large cloven feet. [demonic ancestry]
   861 | D:2      | Reached XP level 3. HP: 20/29 MP: 5/5
  1641 | D:2      | Noticed Terence
  1664 | D:2      | Killed Terence
  1664 | D:2      | Gained mutation: You regenerate a little health from kills. [demonic ancestry]
  1664 | D:2      | Reached XP level 4. HP: 17/35 MP: 6/6
  3066 | D:4      | Reached ** piety under Lugonu
  3066 | D:4      | Reached XP level 5. HP: 39/42 MP: 7/7
  3127 | D:4      | Slain by a worker ant

Vault maps used:
D:1:      grunt_arrival_crossed_arrows
D:2:      uniq_terence
D:4:      old_standard_altar, first_bread, kennysheep_generic_room_4
Abyss:1:  minivault_24

Skill      XL: |  1  2  3  4 |
---------------+-------------+-----
Dodging        | 1 2 |  2.1
Armour         | 2 |  2.8
Long Blades    | 2 |  2.7
Invocations    | 3 |  3.6
Fighting       | |  3.8

Action                   |  1- 3 |  4- 6 || total
-------------------------+-------+-------++-------
Melee: Falchion          |   104 |    63 ||   167
       Kick              |    15 |    15 ||    30
Invok: Depart the Abyss  |     1 |       ||     1
  Use: Potion            |     2 |       ||     2
       Scroll            |       |     3 ||     3
 Stab: Distracted        |       |     1 ||     1
  Eat: Chunk             |     2 |     4 ||     6
       Fruit             |       |     1 ||     1
Armor: Leather armour    |    29 |    12 ||    41
Dodge: Dodged            |    66 |    46 ||   112
       Rpst.: Falchion   |    22 |    14 ||    36
